 Dungeon Crawl Stone Soup version 0.19-a0-965-g50bf062 (webtiles) character file.

109097 Leszczynek the Basher (level 16, 0/139 HPs)
             Began as a Demonspawn Skald on July 12, 2016.
             Was a High Priest of Okawaru.
             Slain by an eight-headed hydra (6 damage)
             ... on level 4 of the Swamp.
             The game lasted 01:43:38 (31453 turns).

Leszczynek the Basher (Demonspawn Skald)           Turns: 31453, Time: 01:43:38

Health: 0/139      AC: 23    Str: 20    XL:     16   Next: 4%
Magic:  23/23      EV: 18    Int: 18    God:    Okawaru [*****.]
Gold:   1186       SH: 13    Dex: 16    Spells: 7 memorised, 8 levels left

rFire  . . .     SeeInvis .     b - +11 hand crossbow of the Owl {elec, Str+3 Int+5}
rCold  + + .     Gourm    +     J - +4 ring mail {rC+}
rNeg   . . .     Faith    .     M - +0 shield
rPois  +         Spirit   .     Y - +2 hat {MR+}
rElec  +         Dismiss  .     z - +0 cloak
rCorr  .         Reflect  .     h - +2 pair of gloves of Gravitas {rElec}
SustAt .         Harm     .     B - +0 pair of boots
MR     ++...                    r - amulet of the gourmand
Stlth  ++........               p - ring of protection from cold
                                m - ring of poison resistance

@: heroism, very resistant to hostile enchantments, unstealthy
A: horns 2, thin metallic scales 3, powered by death 2, robust 1, rot immunity
a: Heroism, Finesse, Renounce Religion


You were on level 4 of the Swamp.
You worshipped Okawaru.
Okawaru was extremely pleased with you.
You were very full.

You visited 5 branches of the dungeon, and saw 28 of its levels.
You also visited: Sewer.

You collected 3036 gold pieces.
You spent 1850 gold pieces at shops.

Inventory:

Hand Weapons
 a - the +9 eveningstar "Kuagiuz" {pain, -Tele MP+9 Str+2}
   (Okawaru gifted it to you on level 5 of the Lair of Beasts)

   In the hands of one skilled in necromantic magic, it inflicts extra damage on
   living creatures.
   It affects your strength (+2).
   It affects your magic capacity (+9).
   It prevents most forms of teleportation.
 b - the +11 hand crossbow of the Owl (weapon) {elec, Str+3 Int+5}
   (You found it on level 4 of the Lair of Beasts)

   It charges the ammunition it shoots with electricity; occasionally upon a
   hit, such missiles may discharge and cause terrible harm.
   It affects your strength (+3).
   It affects your intelligence (+5).
Missiles
 Z - 116 bolts (quivered)
Armour
 h - the +2 pair of gloves of Gravitas (worn) {rElec}
   (Okawaru gifted it to you on level 1 of the Orcish Mines)

   It insulates you from electricity.
 j - a +0 buckler
 z - a +0 cloak (worn)
 B - a +0 pair of boots (worn)
 J - a +4 ring mail of cold resistance (worn)
 M - a +0 shield (worn)
 Y - a +2 hat of magic resistance (worn)
Jewellery
 m - a ring of poison resistance (left hand)
 p - a ring of protection from cold (right hand)
 r - an amulet of the gourmand (around neck)
 Q - an uncursed ring of resist corrosion
 R - an uncursed ring of protection from magic
Wands
 v - a wand of disintegration (11/24)
 w - a wand of iceblast (15/15)
 A - a wand of paralysis (13/24)
 I - a wand of lightning (7/15)
 N - a wand of teleportation (3/9)
 S - a wand of heal wounds (4/9)
 U - a wand of iceblast (5/15)
 V - a wand of iceblast (7/15)
Scrolls
 e - 10 scrolls of remove curse
 l - 2 scrolls of blinking
 o - 3 scrolls of enchant weapon
 u - 3 scrolls of fear
 C - 4 scrolls of teleportation
 G - a scroll of fog
 K - 6 scrolls of recharging
 O - 3 scrolls of enchant armour
 P - 3 scrolls of magic mapping
 T - 4 scrolls of silence
Potions
 c - a potion of invisibility
 f - a potion of magic
 i - 6 potions of heal wounds
 n - 10 potions of curing
 q - 6 potions of cure mutation
 s - 4 potions of flight
 x - 4 potions of ambrosia
 D - 2 potions of might
 E - 2 potions of haste
 H - a potion of cancellation
 L - a potion of agility
 X - a potion of resistance
Miscellaneous
 k - a box of beasts
 y - a fan of gales
 W - a phial of floods
Comestibles
 d - 17 bread rations
 g - 26 fruits
 t - 16 meat rations


   Skills:
 - Level 12.0(17.0) Fighting
 - Level 14.8(19.8) Maces & Flails
 - Level 10.0(15.0) Crossbows
 - Level 5.1(10.1) Armour
 - Level 5.8(10.8) Dodging
 * Level 8.0(13.0) Shields
 - Level 5.3 Spellcasting
 - Level 5.0 Hexes
 - Level 6.1 Charms
 - Level 7.3 Necromancy
 - Level 3.0 Translocations
 - Level 7.8 Invocations
 - Level 3.8 Evocations


You had 8 spell levels left.
You knew the following spells:

 Your Spells              Type           Power        Failure   Level  Hunger
a - Dispel Undead         Necr           ####....     38%         5    ######.
b - Shroud of Golubria    Chrm/Tloc      ###.......   10%         2    #......
c - Spectral Weapon       Hex/Chrm       ###.....     10%         3    ##.....
d - Regeneration          Chrm/Necr      ####......   6%          3    ##.....
e - Animate Skeleton      Necr           N/A          1%          1    None
f - Apportation           Tloc           ###.......   10%         1    None
g - Song of Slaying       Chrm           ####....     3%          2    #......


Dungeon Overview and Level Annotations

Branches:
Dungeon (15/15)            Temple (1/1) D:7            Lair (6/6) D:9
  Swamp (4/4) Lair:4        Snake (0/4) Lair:4        Slime (0/5) Lair:5
    Orc (2/2) D:9             Elf (0/3) Orc:2        Vaults (0/5) D:13
 Depths (0/5) D:15

Altars:
Ashenzari
Cheibriados
Dithmenos
Elyvilon
Fedhas
Gozag
Hepliaklqana
Kikubaaqudgha
Makhleb
Nemelex Xobeh
Okawaru
Pakellas
Qazlal
Ru
Sif Muna
Trog
Uskayaw
Vehumet
Xom
Yredelemnul
Zin
The Shining One
Beogh
Jiyva

Shops:
D:8 *   D:9 (   Orc:1 *   Orc:2 !*(*

Portals:
Trove: D:12 (give 6 scrolls of blinking)

Annotations:
D:9 1 exclusion
D:12 trove, 6 ?blinking
Lair:3 catoblepas roaming
Swamp:4 1 exclusion


Innate Abilities, Weirdness & Mutations

You have a pair of horns on your head.
You are completely covered in thin metallic scales. (AC +4, rElec)
You regenerate health from kills.
You are immune to rotting.
You are robust. (+10% HP)


Message History

The eight-headed hydra misses you.
The eight-headed hydra barely misses you. x2
The eight-headed hydra closely misses you.
The eight-headed hydra barely misses you.
The eight-headed hydra misses you.
You block the five-headed hydra's attack.
The five-headed hydra closely misses you.
The five-headed hydra bites you but does no damage.
The five-headed hydra bites you.
* * * LOW HITPOINT WARNING * * *
The five-headed hydra completely misses you.
The swamp drake breathes noxious fumes at you.
The noxious blast engulfs you! The eight-headed hydra bites you!
* * * LOW HITPOINT WARNING * * *
The eight-headed hydra bites you!
* * * LOW HITPOINT WARNING * * *
You block the eight-headed hydra's attack.
The eight-headed hydra bites you but does no damage.
The eight-headed hydra bites you.
You die...

**,,***** *,≈≈,**,** *♣♣
**,≈,*,≈,* *♣.♣♣ *****≈*,≈,,*
♣♣♣*♣...* *≈,*,≈,,≈,**♣♣..♣D..♣*
,≈≈,,≈,≈***♣♣≈§...≈.♣ ***
,≈,,,,,,* ♣..≈.....♣♣♣.**
,,,,,,≈***♣♣≈.≈D§§≈...≈.,*
,≈,,≈≈,,≈,♣≈(.D§@k≈≈....,**
,≈,,,,≈,,≈f..≈.§kDy≈..♣.,,*
,,,,≈,,,,≈.(..k.D♣D..:.♣,**
,,,,≈≈***....≈$≈...≈≈≈♣.≈,******
,,≈,,,**♣♣≈.....≈≈....♣,,,**,*,**
≈,,,,,,♣♣.♣♣D...≈≈≈♣.♣≈.,,,,,,≈,*
,,**≈,,♣≈≈....≈...≈.≈k≈.,≈,,,*,,*
,**,,,≈≈♣≈.≈≈....§##,##,≈,,≈≈≈≈≈,
****,,,.♣≈.≈≈y.≈♣**,,,***≈,,,,,,≈


You could see a shambling mangrove, an eight-headed hydra, 2 five-headed hydras,
4 swamp dragons, 4 swamp drakes and a wasp.

Vanquished Creatures
  3 thorn hunters
  Louise (Swamp:2)
  An orc warlord (Orc:1)
  A very ugly thing (Swamp:1)
  An ettin (D:15)
  3 ogre magi (D:15)
  14 hydras
  A catoblepas (Lair:3)
  9 alligators
  4 death yaks (Lair:2)
  Erica (D:9)
  A tengu warrior (D:15)
  An orc high priest (Orc:1)
  The ghost of Zebura the Slicer, a journeyman VSGl of Gozag (Orc:1)
  The ghost of tstbtto the Carver, a novice MiFi (D:9)
  Sonja (D:12)
  A spriggan druid (Swamp:3)
  A wizard (D:14)
  2 swamp dragons (Swamp:4)
  A deep troll (D:15)
  3 shambling mangroves
  2 unseen horrors
  A necromancer (D:13)
  5 hill giants
  A lindwurm (Lair:5)
  9 orc knights
  2 deep elf magi
  A manticore (D:11)
  An oklob plant (Lair:6)
  2 griffons
  3 orc sorcerers
  4 cyclopes
  8 ugly things
  2 centaur zombies
  9 elephants
  Joseph (D:8)
  8 black mambas
  A gargoyle (D:13)
  A rime drake (Lair:4)
  10 spiny frogs
  An efreet (D:15)
  4 komodo dragons
  4 giant leeches
  3 meliai (D:15)
  3 trolls
  A two-headed ogre (D:15)
  A troll (shapeshifter) (D:14)
  6 polar bears
  5 bog bodies
  9 slime creatures
  8 blink frogs
  A boulder beetle (Lair:4)
  4 wraiths
  3 shadows
  23 yaks
  16 spriggans
  A water elemental (D:13)
  A human (D:8)
  A basilisk (Lair:5)
  A vampire (D:11)
  4 wyverns
  5 hippogriffs
  A hungry ghost (D:9)
  16 vampire mosquitoes
  A mottled dragon (D:13)
  7 wargs
  15 swamp worms
  6 insubstantial wisps (Swamp:2)
  Edmund (D:5)
  15 water moccasins
  3 porcupines
  A meliai simulacrum (D:15)
  5 phantoms
  50 orc warriors
  10 swamp drakes
  10 wasps
  3 boggarts (Lair:6)
  4 black bears
  5 necrophages
  5 ice beasts
  25 ogres
  25 wolves
  14 centaurs
  10 crocodiles
  8 big kobolds
  8 giant frogs
  5 scorpions
  A water moccasin skeleton (D:9)
  15 killer bees
  2 spriggan skeletons (D:9)
  A troll skeleton (D:9)
  4 wights
  An electric eel (Lair:5)
  4 crimson imps
  2 giant frog zombies
  6 howler monkeys
  3 quasits
  9 jellies
  15 orc priests
  9 hounds
  14 orc wizards
  3 centaur skeletons (D:9)
  15 iguanas
  9 worker ants
  12 sheep
  2 hound zombies
  A hound skeleton (D:7)
  A worker ant zombie (D:9)
  2 howler monkey skeletons
  15 adders
  15 river rats
  3 oozes
  3 adder skeletons
  2 worms
  2 dart slugs
  7 giant geckos
  90 orcs
  4 ball pythons
  5 bats
  10 giant cockroaches
  7 goblins
  8 hobgoblins
  17 jackals
  7 quokkas
  2 giant gecko skeletons
  6 giant newts
  32 kobolds
  9 rats
856 creatures vanquished.

Vanquished Creatures (others)
  A cyclops (D:13)
  A troll (D:14)
  An electric eel (D:13)
  2 sheep (D:13)
  6 briar patches (Swamp:3)
  9 fungi
  A plant (Lair:6)
  22 spectral weapons
43 creatures vanquished.

Grand Total: 899 creatures vanquished

Notes
Turn   | Place    | Note
-------+----------+-------------------------------------------
     0 | D:1      | Leszczynek the Demonspawn Skald began the quest for the Orb.
     0 | D:1      | Reached XP level 1. HP: 16/16 MP: 3/3
   173 | D:1      | Reached skill level 3 in Charms
   306 | D:1      | Gained mutation: You have a pair of small horns on your head. [demonic ancestry]
   306 | D:1      | Reached XP level 2. HP: 14/22 MP: 0/5
   620 | D:1      | Learned a level 2 spell: Shroud of Golubria
   830 | D:1      | Reached skill level 1 in Translocations
  1176 | D:2      | Reached XP level 3. HP: 17/27 MP: 0/6
  1181 | D:2      | Learned a level 3 spell: Spectral Weapon
  1682 | D:2      | Reached skill level 2 in Translocations
  2305 | D:3      | Reached skill level 1 in Hexes
  2330 | D:3      | Gained mutation: You are immune to rotting. [demonic ancestry]
  2330 | D:3      | Reached XP level 4. HP: 27/33 MP: 0/7
  2594 | D:3      | Reached skill level 2 in Hexes
  3117 | D:4      | Noticed an ogre
  3124 | D:4      | Killed an ogre
  3124 | D:4      | Reached skill level 3 in Hexes
  3124 | D:4      | Reached XP level 5. HP: 37/38 MP: 2/8
  3210 | D:4      | Noticed a phantom
  3230 | D:4      | Killed a phantom
  3230 | D:4      | Reached skill level 4 in Hexes
  3230 | D:4      | Reached skill level 4 in Charms
  3230 | D:4      | Reached XP level 6. HP: 33/44 MP: 5/9
  3436 | D:4      | Reached skill level 1 in Shields
  3447 | D:4      | Reached skill level 2 in Maces & Flails
  3611 | D:4      | Reached skill level 2 in Shields
  3634 | D:4      | Reached XP level 7. HP: 40/50 MP: 5/10
  3635 | D:4      | NICE RNG
  3635 | D:4      | I DIDN'T WANT ALL THOSE CURING AND HW POTIONS ANYWAY
  3635 | D:4      | of course i can kill ogres without losing even 1 hp but one fucking ant forces all healing out of me
  3635 | D:4      | nice fucking game
  3731 | D:4      | >water moccasin
  3731 | D:4      | so i'm dead
  3731 | D:4      | cool
  3770 | D:4      | Learned a level 3 spell: Regeneration
  4041 | D:4      | Reached skill level 3 in Translocations
  4142 | D:4      | Gained mutation: You are robust. (+10% HP) [potion of beneficial mutation]
  4160 | D:4      | Reached skill level 3 in Shields
  4296 | D:5      | Entered Level 5 of the Dungeon
  4390 | D:5      | Reached skill level 3 in Maces & Flails
  4555 | D:5      | Reached skill level 4 in Shields
  4587 | D:5      | Found a glowing drain.
  4792 | Sewer    | Entered a sewer
  4966 | Sewer    | Reached XP level 8. HP: 60/61 MP: 11/11
  4995 | Sewer    | Reached skill level 1 in Necromancy
  5050 | Sewer    | Reached skill level 4 in Maces & Flails
  5061 | Sewer    | Reached skill level 2 in Necromancy
  5270 | D:5      | Noticed Edmund
  5289 | D:5      | Reached skill level 5 in Charms
  5319 | D:5      | Killed Edmund
  5430 | D:5      | Reached skill level 5 in Maces & Flails
  5435 | D:5      | Learned a level 1 spell: Animate Skeleton
  5528 | D:5      | Learned a level 1 spell: Apportation
  5554 | D:5      | Reached skill level 3 in Necromancy
  5960 | D:6      | Found a bloodstained altar of Trog.
  5982 | D:6      | Reached skill level 6 in Maces & Flails
  5982 | D:6      | Gained mutation: You regenerate a little health from kills. [demonic ancestry]
  5982 | D:6      | Reached XP level 9. HP: 66/67 MP: 12/12
  6248 | D:6      | Reached skill level 5 in Hexes
  6248 | D:6      | Reached skill level 4 in Necromancy
  6461 | D:6      | Got an opalescent robe
  6611 | D:6      | Identified the cursed +1 robe of Recklessness {rC+ Str+4 Slay-5} (You found it on level 6 of the Dungeon)
  6612 | D:6      | >slay-5
  6680 | D:6      | only one altar so far and it's trog
  6738 | D:7      | Found a white marble altar of Elyvilon.
  6777 | D:7      | Reached skill level 7 in Maces & Flails
  7064 | D:7      | Reached skill level 8 in Maces & Flails
  7219 | D:7      | Reached skill level 1 in Dodging
  7422 | D:7      | Found a staircase to the Ecumenical Temple.
  7431 | Temple   | Entered the Ecumenical Temple
  7551 | Temple   | Became a worshipper of Warmaster Okawaru
  7774 | D:8      | Reached skill level 2 in Dodging
  8420 | D:8      | Reached skill level 9 in Maces & Flails
  8520 | D:8      | Noticed Joseph
  8550 | D:8      | Killed Joseph
  8550 | D:8      | Reached * piety under Okawaru
  8550 | D:8      | Reached skill level 3 in Dodging
  8550 | D:8      | Reached XP level 10. HP: 63/73 MP: 5/13
  9084 | D:8      | Found Axzudyepn's General Store.
  9107 | D:8      | Bought a potion of agility for 52 gold pieces
  9307 | D:8      | Reached skill level 1 in Armour
  9514 | D:9      | Reached skill level 2 in Armour
  9554 | D:9      | Reached skill level 3 in Fighting
  9563 | D:9      | Reached ** piety under Okawaru
  9869 | D:9      | Reached skill level 6 in Charms
  9881 | D:9      | Noticed Erica
  9940 | D:9      | Reached skill level 4 in Fighting
  9960 | D:9      | Reached skill level 10 in Maces & Flails
 10184 | D:9      | Found a staircase to the Lair.
 10231 | D:9      | Noticed an elephant
 10250 | D:9      | Killed an elephant
 10382 | D:9      | Reached skill level 5 in Fighting
 10406 | D:9      | Found a deep blue altar of Sif Muna.
 10416 | D:9      | Reached skill level 4 in Dodging
 10511 | D:9      | Reached *** piety under Okawaru
 10540 | Lair:1   | Entered Level 1 of the Lair of Beasts
 10955 | Lair:1   | Gained mutation: You are partially covered in thin metallic scales. (AC +2) [demonic ancestry]
 10955 | Lair:1   | Reached XP level 11. HP: 78/88 MP: 14/14
 11723 | Lair:2   | Reached skill level 6 in Fighting
 11740 | Lair:2   | Reached **** piety under Okawaru
 11740 | Lair:2   | Reached skill level 5 in Dodging
 12741 | Lair:3   | Noticed a catoblepas
 13117 | Lair:3   | Killed a catoblepas
 13117 | Lair:3   | Reached skill level 11 in Maces & Flails
 13246 | Lair:4   | Reached ***** piety under Okawaru
 13251 | Lair:4   | Found a staircase to the Snake Pit.
 13273 | Lair:4   | Found a staircase to the Swamp.
 13322 | Lair:4   | Found a white marble altar of Elyvilon.
 13520 | Lair:4   | HP: 6/91 [boulder beetle (33)]
 13526 | Lair:4   | HP: 4/91 [poisoned by a water moccasin]
 13533 | Lair:4   | HP: 4/91 [poisoned by a water moccasin]
 13541 | Lair:3   | HP: 4/91 [poisoned by a water moccasin]
 14113 | Lair:4   | Reached skill level 7 in Fighting
 14474 | Lair:4   | Got a steaming hand crossbow
 14475 | Lair:4   | Identified the +11 hand crossbow of the Owl {elec, Str+3 Int+5} (You found it on level 4 of the Lair of Beasts)
 14476 | Lair:4   | !!!!!!!!!!
 14476 | Lair:4   | holy shit
 14555 | Lair:4   | Reached skill level 1 in Crossbows
 14722 | Lair:4   | Reached skill level 2 in Crossbows
 14849 | Lair:5   | Reached skill level 1 in Invocations
 15155 | Lair:5   | Reached skill level 2 in Invocations
 15195 | Lair:5   | Reached skill level 3 in Invocations
 15291 | Lair:5   | Received a gift from Okawaru
 15311 | Lair:5   | Noticed a lindwurm
 15322 | Lair:5   | Noticed a griffon
 15340 | Lair:5   | it's lair FIVE not SIX
 15340 | Lair:5   | WHAT THE FUCK
 15432 | Lair:5   | Gained mutation: You regenerate health from kills. [demonic ancestry]
 15432 | Lair:5   | Reached XP level 12. HP: 83/100 MP: 9/15
 15495 | Lair:5   | Reached skill level 4 in Invocations
 15498 | Lair:5   | Reached skill level 3 in Crossbows
 15669 | Lair:5   | Reached skill level 5 in Invocations
 15837 | Lair:5   | Reached skill level 8 in Fighting
 15970 | Lair:5   | Reached skill level 6 in Invocations
 15995 | Lair:5   | Found a viscous altar of Jiyva.
 15995 | Lair:5   | Found a staircase to the Slime Pits.
 16273 | Lair:5   | Reached skill level 4 in Crossbows
 16273 | Lair:5   | Reached skill level 7 in Invocations
 16407 | Lair:6   | Entered Level 6 of the Lair of Beasts
 16556 | Lair:5   | Received a gift from Okawaru
 16563 | Lair:5   | Got a bloodstained eveningstar {god gift}
 16564 | Lair:5   | Identified the +9 eveningstar "Kuagiuz" {pain, -Tele MP+9 Str+2} (Okawaru gifted it to you on level 5 of the Lair of Beasts)
 16565 | Lair:5   | yeah, that's okay
 16565 | Lair:5   | pretty decent
 16687 | Lair:6   | Noticed a five-headed hydra
 16868 | Lair:6   | Reached skill level 12 in Maces & Flails
 16868 | Lair:6   | Reached skill level 3 in Armour
 16965 | Lair:6   | Killed a five-headed hydra
 16965 | Lair:6   | Reached skill level 5 in Crossbows
 17146 | Lair:6   | Reached skill level 5 in Necromancy
 17310 | Lair:6   | Reached XP level 13. HP: 107/107 MP: 18/18
 17312 | Lair:6   | BOGGART?
 17312 | Lair:6   | jesus devs what did you do
 17312 | Lair:6   | a fucking boggart
 17312 | Lair:6   | and it's not even a yellow threat
 17312 | Lair:6   | really
 17378 | Lair:6   | Received a gift from Okawaru
 17429 | Lair:6   | Reached skill level 4 in Armour
 17821 | Lair:6   | Reached skill level 6 in Necromancy
 17964 | Lair:6   | Reached skill level 6 in Crossbows
 18269 | Lair:2   | Reached skill level 13 in Maces & Flails
 18341 | D:9      | Killed Erica
 18428 | D:9      | Noticed tstbtto's ghost (novice MiFi)
 18437 | D:9      | Killed tstbtto's ghost
 18518 | D:9      | wew
 18518 | D:9      | lad
 18518 | D:9      | 2 +1 EV rings
 18527 | D:9      | Found Muenuo's Antique Weapon Shoppe.
 18570 | D:9      | Reached skill level 7 in Necromancy
 18749 | D:9      | Found a staircase to the Orcish Mines.
 18798 | D:10     | Entered Level 10 of the Dungeon
 19054 | D:10     | Learned a level 5 spell: Dispel Undead
 20024 | Orc:1    | Entered Level 1 of the Orcish Mines
 20055 | Orc:1    | Found Fodic's General Store.
 20064 | Orc:1    | Bought a scroll of blinking for 82 gold pieces
 20111 | Orc:1    | Reached ****** piety under Okawaru
 20303 | Orc:1    | Noticed Zebura's ghost (journeyman VSGl)
 20326 | Orc:1    | Killed Zebura's ghost
 20351 | Orc:1    | Noticed an orc warlord
 20387 | Orc:1    | Killed an orc warlord
 20387 | Orc:1    | Received a gift from Okawaru
 20387 | Orc:1    | Reached skill level 7 in Crossbows
 20704 | Orc:1    | Received a gift from Okawaru
 20712 | Orc:1    | Got a pair of brightly glowing gloves {god gift}
 20723 | Orc:1    | Identified the +2 pair of gloves of Gravitas {rElec} (Okawaru gifted it to you on level 1 of the Orcish Mines)
 20849 | Orc:1    | Got a brightly glowing scale mail
 20860 | Orc:1    | Identified the +1 scale mail "Laaguad" {Str-5 Dex+5} (You found it on level 1 of the Orcish Mines)
 20974 | Orc:1    | Reached skill level 3 in Spellcasting
 21156 | Orc:1    | Found a roughly hewn altar of Beogh.
 21336 | Orc:2    | Entered Level 2 of the Orcish Mines
 21350 | Orc:2    | Found a staircase to the Elven Halls.
 21509 | Orc:2    | Gained mutation: You are mostly covered in thin metallic scales. (AC +3) [demonic ancestry]
 21509 | Orc:2    | Reached XP level 14. HP: 115/115 MP: 19/19
 21565 | Orc:2    | Learned a level 2 spell: Song of Slaying
 22048 | Orc:1    | Reached skill level 14 in Maces & Flails
 22155 | Orc:2    | Found Anweg's Assorted Antiques.
 22155 | Orc:2    | Found Donuan's Distillery.
 22165 | Orc:2    | Bought a scroll labeled LEGIOX BYUMUWK for 40 gold pieces
 22165 | Orc:2    | Bought a dark potion for 36 gold pieces
 22175 | Orc:2    | Bought a potion of resistance for 160 gold pieces
 22175 | Orc:2    | Bought a potion of curing for 48 gold pieces
 22175 | Orc:2    | Bought a potion of curing for 48 gold pieces
 22175 | Orc:2    | Bought a potion of curing for 48 gold pieces
 22175 | Orc:2    | Bought a potion of curing for 48 gold pieces
 22175 | Orc:2    | Bought a potion of cancellation for 128 gold pieces
 22219 | Orc:2    | Reached skill level 4 in Spellcasting
 22289 | Orc:2    | Found Ufirchy's Assorted Antiques.
 22289 | Orc:2    | Found Dyos's Antique Weapon Emporium.
 22379 | Orc:2    | Bought a scroll of identify for 68 gold pieces
 22379 | Orc:2    | Bought a scroll of fear for 119 gold pieces
 22379 | Orc:2    | Bought a scroll of blinking for 255 gold pieces
 22379 | Orc:2    | Bought a scroll of fog for 68 gold pieces
 22379 | Orc:2    | Bought a scroll of identify for 68 gold pieces
 22379 | Orc:2    | Bought a fuming clear potion for 30 gold pieces
 22379 | Orc:2    | Bought a tourmaline ring for 170 gold pieces
 22379 | Orc:2    | Bought a potion of curing for 102 gold pieces
 22421 | Orc:2    | Found a roughly hewn altar of Beogh.
 22434 | Orc:2    | Bought a glowing copper ring for 200 gold pieces
 22435 | Orc:2    | Bought a scroll of identify for 80 gold pieces
 23784 | D:12     | Reached skill level 8 in Crossbows
 23889 | D:12     | Received a gift from Okawaru
 23994 | D:12     | Noticed Sonja
 24002 | D:12     | the 1% chance happened against Sonja woooooooo
 24002 | D:12     | too bad i don't have any other good hexing wands huh XD
 24012 | D:12     | Killed Sonja
 24134 | D:12     | Found a portal to a secret trove of treasure.
 24435 | D:13     | Received a gift from Okawaru
 24445 | D:13     | is that a cpa
 24445 | D:13     | really oka?
 24472 | D:13     | no thanks, not with that strength of mine
 24590 | D:13     | Reached skill level 5 in Spellcasting
 24712 | D:13     | Found a gate to the Vaults.
 25528 | D:15     | Entered Level 15 of the Dungeon
 25631 | D:14     | Reached skill level 5 in Armour
 25944 | D:15     | Reached skill level 9 in Fighting
 25944 | D:15     | Reached skill level 9 in Crossbows
 26096 | D:15     | Received a gift from Okawaru
 26268 | D:15     | Found a staircase to the Depths.
 26289 | D:15     | Received a gift from Okawaru
 26410 | D:15     | Gained mutation: You have a pair of horns on your head. [demonic ancestry]
 26410 | D:15     | Reached XP level 15. HP: 82/125 MP: 22/22
 27368 | Swamp:1  | Entered Level 1 of the Swamp
 27507 | Swamp:1  | Reached skill level 10 in Fighting
 27806 | Swamp:1  | Reached skill level 5 in Shields
 28960 | Swamp:1  | Received a gift from Okawaru
 28960 | Swamp:1  | Reached skill level 6 in Shields
 29068 | Swamp:2  | Reached skill level 11 in Fighting
 29068 | Swamp:2  | Reached skill level 10 in Crossbows
 29473 | Swamp:2  | Noticed a thorn hunter
 29487 | Swamp:2  | Killed a thorn hunter
 29487 | Swamp:2  | Reached skill level 1 in Evocations
 29561 | Swamp:2  | Noticed Louise
 29588 | Swamp:2  | Killed Louise
 29634 | Swamp:2  | Reached skill level 2 in Evocations
 29842 | Swamp:3  | Noticed a thorn hunter
 29857 | Swamp:3  | Killed a thorn hunter
 29888 | Swamp:3  | Noticed a thorn hunter
 29927 | Swamp:3  | Killed a thorn hunter
 30190 | Swamp:3  | Reached skill level 3 in Evocations
 30729 | Swamp:4  | Entered Level 4 of the Swamp
 30738 | Swamp:4  | Reached skill level 7 in Shields
 30765 | Swamp:4  | Reached skill level 12 in Fighting
 31411 | Swamp:4  | Gained mutation: You are completely covered in thin metallic scales. (AC +4, rElec) [demonic ancestry]
 31411 | Swamp:4  | Reached XP level 16. HP: 139/139 MP: 23/23
 31443 | Swamp:4  | Reached skill level 8 in Shields
 31453 | Swamp:4  | HP: 6/139 [eight-headed hydra (8)]
 31453 | Swamp:4  | Slain by an eight-headed hydra

Vault maps used:
D:1:      minmay_arrival_checkered_box, minmay_misc_feat_encased, minivault_4
D:2:      grunt_decor_arrowhead, minmay_cupped
D:3:      first_bread, lemuel_another_geyser
D:5:      gup_sewer_entry_pipe, uniq_edmund
D:6:      trog_three_pillars_becter
D:7:      wad_crossroads, elyvilon_altar_1
D:8:      serial_shops, shop, grunt_livestock, uniq_joseph
D:9:      nicolae_overflow_crystal_walls, david_lair_generic, orc_0_dummy,
          serial_shops, shop, hangedman_tell_no_tales, uniq_erica
D:10:     corexii_hall_statues_u
D:11:     minivault_16
D:12:     enter_trove_1, uniq_sonja
D:13:     david_vaults_1, lemuel_freeze_loot_1
D:14:     minmay_weird_star, serial_bayou_lagoon_a
D:15:     hangedman_depths_entry_civil_slaughter
Temple:   kilobyte_greek_temple
Lair:3:   roderic_carrion_pond
Lair:4:   swamp_mist_pool, dummy_snake_entry, basic_altar, minivault_25,
          lemuel_fruit_tree, serial_bayou_shore_a
Lair:5:   gammafunk_lair_bear_cave, dpeg_slime_entry_enclosed_altar,
          infiniplex_staircase_pool_2
Lair:6:   minmay_lair_end_enchanted_forest, minivault_26,
          minmay_stone_trees_medium, grunt_megastairs_4
Swamp:1:  nicolae_swamp_trees_clearing
Swamp:2:  serial_swamp_ruin, evilmike_swamp_ruin_house_1,
          evilmike_swamp_ruin_house_5, uniq_louise
Swamp:3:  evilmike_swamp_ruin_house_3
Swamp:4:  swamp
Orc:1:    orc_temple, serial_shops, shop_fountains
Orc:2:    st_orc_town
Sewer:    kennysheep_pipe_town

Skill      XL: |  1  2  3  4  5  6  7  8  9 10 11 12 13 14 15 16 |
---------------+-------------------------------------------------+-----
Charms         | 3 4 5 6 |  6.1
Translocations | 1 2 3 |  3.0
Hexes          | 1 3 4 5 |  5.0
Shields        | 2 4 7 8 |  8.0
Maces & Flails | 2 3 6 9 10 11 12 13 14 | 14.8
Necromancy     | 3 4 5 7 |  7.3
Dodging        | 3 4 5 |  5.8
Armour         | 2 3 4 5 |  5.1
Fighting       | 5 7 8 9 12 | 12.0
Crossbows      | 2 5 7 9 10 | 10.0
Invocations    | 3 7 |  7.8
Spellcasting   | 3 5 |  5.3
Evocations     | 3 |  3.8

Action                   |  1- 3 |  4- 6 |  7- 9 | 10-12 | 13-15 | 16-18 || total
-------------------------+-------+-------+-------+-------+-------+-------++-------
Melee: Mace              |   125 |       |       |       |       |       ||   125
       Headbutt          |    10 |    15 |    71 |   195 |   270 |     6 ||   567
       Whip              |     8 |   109 |   451 |   816 |       |       ||  1384
       Eveningstar       |       |       |       |   120 |  1409 |    15 ||  1544
 Fire: Hand crossbow     |       |       |       |       |    33 |       ||    33
 Cast: Infusion          |     5 |     1 |       |       |       |       ||     6
       Shroud of Golubri |     3 |     7 |    31 |    48 |    24 |       ||   113
       Spectral Weapon   |       |     2 |    22 |    55 |    13 |       ||    92
       Regeneration      |       |       |       |    18 |    35 |       ||    53
       Song of Slaying   |       |       |       |       |     1 |       ||     1
Invok: Heroism           |       |       |       |    13 |    21 |     1 ||    35
       Finesse           |       |       |       |     1 |     4 |       ||     5
Evoke: Wand              |       |       |       |     1 |     6 |       ||     7
  Use: Potion            |       |     4 |     1 |     5 |     4 |       ||    14
       Scroll            |       |       |    11 |    14 |    24 |     1 ||    50
 Stab: Sleeping          |     1 |       |     2 |       |       |       ||     3
       Distracted        |       |       |     2 |     4 |       |       ||     6
  Eat: Chunk             |     5 |     5 |    34 |    46 |    53 |       ||   143
Armor: Leather armour    |    28 |     9 |    87 |     4 |       |       ||   128
       Ring mail         |       |       |       |   247 |   472 |     9 ||   728
Dodge: Dodged            |    94 |    46 |   220 |   404 |   700 |    20 ||  1484
Block: Buckler           |       |       |    91 |   167 |   286 |       ||   544
       Shield            |       |       |       |       |    35 |    13 ||    48
